AoeStats
← kristianDerAffe

Arabia

504813278Analyzed
2v2 RM · 25d ago on Sep 6, 2026· 35m 10s· 4 players
Game mode
Random Map
Map size
Medium (4 player)
Population
200
Speed
Normal
Resources
Standard
Victory
Conquest
Starting age
Dark Age
Ending age
Imperial Age
RankedLock teamsTeams togetherTeam positionsShared explorationLock speedFull tech treeHidden civsTurbo modeCheats
Victory
Defeat
🇨🇱 Britons · Chile
1074
+17
🇨🇱 Persians · Chile
1073
+17
🇨🇭 Britons · Switzerland
1178
-21
🇨🇭 Britons · Switzerland
1000
-40
juamparche
7:07 Loom
9:36 Feudal Age
11:01 Double-Bit Axe
16:36 Fletching
19:35 Horse Collar
23:32 Castle Age
21:25 Gold Mining
22:17 Padded Archer Armor
22:10 Stone Mining
23:38 Elite Skirmisher
24:15 Bodkin Arrow
25:25 Bow Saw
25:23 Heavy Plow
25:57 Crossbowman
28:18 Leather Archer Armor
30:06 Ballistics
31:05 Wheelbarrow
30:15 Town Watch
31:13 Gold Shaft Mining
35:33 Yeomen
roroporley
1:10 Loom
7:10 Loom
9:39 Feudal Age
11:45 Horse Collar
15:38 Double-Bit Axe
18:05 Forging
18:16 Bloodlines
18:11 Gold Mining
23:29 Castle Age
22:58 Scale Barding Armor
24:18 Chain Barding Armor
24:33 Iron Casting
28:10 Heavy Plow
28:48 Stone Mining
30:37 Wheelbarrow
31:51 Hand Cart
kingrog
8:50 Feudal Age
9:41 Loom
17:49 Fletching
18:32 Padded Archer Armor
21:17 Double-Bit Axe
26:36 Castle Age
26:43 Crossbowman
27:43 Bodkin Arrow
29:19 Horse Collar
29:25 Pikeman
31:56 Ballistics
32:33 Leather Archer Armor
33:53 Wheelbarrow
33:03 Town Watch
kristianDerAffe
3:25 Loom
12:07 Feudal Age
21:44 Horse Collar
30:36 Double-Bit Axe
Connection lost

Rejoining the realm…

Still unreachable

The connection could not be restored.

Session expired

The server has moved on; the page needs a fresh start.